[Event "Titled Tuesday Blitz September 27 Late 2022"]
[White "Bortnyk, Olexandr"]
[Black "Yoo, Christopher Woojin"]
[WhiteFideId "14120828"]
[BlackFideId "30909694"]
[WhiteElo "2723"]
[BlackElo "2105"]
[Result "1-0"]
[Round "08"]
[TimeControl "180+1"]
[Date "2022.09.27"]
[WhiteClock "0:01:01"]
[BlackClock "0:00:01"]

1. e4 c5 2. c3 Nf6 3. e5 Nd5 4. d4 cxd4 5. Nf3 Nc6 6. cxd4 d6 7. Bc4 Nb6 8. Bb5 dxe5 9. Nxe5 Bd7 10. Nxd7 Qxd7 11. Nc3 e6 12. O-O Be7 13. Qg4 O-O 14. Bxc6 Qxc6 15. Bh6 Bf6 16. Rac1 Qd7 17. Rfd1 Kh8 18. Ne4 Rg8 19. Bf4 Nd5 20. Be5 Bxe5 21. dxe5 Rac8 22. Rxc8 Rxc8 23. Nd6 Rc7 24. h4 h6 25. Rd3 Qe7 26. Rg3 g6 27. Rf3 Qf8 28. Qxg6 fxg6 29. Rxf8+ Kh7 30. g3 g5 31. h5 g4 32. Re8 Rc1+ 33. Kg2 Rc2 34. Rxe6 Ne3+ 35. Kg1 Rc1+ 36. Kh2 Rc2 37. Rf6 Nd5 38. Rf5 Kg8 39. e6 Ne7 40. Rf7 Nc6 41. Ne4 1-0


[Site "https://www.chess.com"]

[Event "Titled Tuesday Blitz September 27 Late 2022"]
[White "Brodowski, Piotr"]
[Black "Beerdsen, Thomas"]
[WhiteFideId "1124480"]
[BlackFideId "1030108"]
[WhiteElo "2312"]
[BlackElo "2567"]
[Result "1-0"]
[Round "08"]
[TimeControl "180+1"]
[Date "2022.09.27"]
[WhiteClock "0:00:08"]
[BlackClock "0:00:31"]

1. d4 h6 2. e4 g5 3. Nc3 Bg7 4. h4 g4 5. h5 d5 6. Be3 dxe4 7. Nxe4 Nc6 8. Ne2 Nf6 9. Nxf6+ Bxf6 10. Qd2 Bf5 11. Ng3 Bh7 12. O-O-O Qd5 13. c4 Qd6 14. Bd3 Bxd3 15. Qxd3 O-O-O 16. Ne4 Qe6 17. d5 Qe5 18. Nxf6 Qxf6 19. Qe4 Ne5 20. Kb1 Rhg8 21. Bd4 Rg5 22. Rhe1 g3 23. f4 Rxh5 24. fxe5 Qg5 25. Rf1 e6 26. Rxf7 Rh4 27. Qf3 Qg6+ 28. Ka1 Qc2 29. Bc3 Rxc4 30. d6 a5 31. d7+ Kb8 32. Rf8 Rxf8 33. Qxf8+ Ka7 34. Qf3 Rf4 35. Qe3+ b6 36. Qd2 Qxd2 37. Bxd2 Rd4 38. Kb1 Rxd7 39. Kc2 h5 40. Rh1 Rf7 41. Rh3 h4 42. Be3 Rf5 43. Rxh4 Rxe5 44. Kd3 Rd5+ 45. Ke2 Rb5 46. b3 Kb7 47. Rg4 e5 48. Rxg3 a4 49. Bd2 axb3 50. axb3 c5 51. Re3 Kc6 52. Kd1 Kd5 53. Kc2 e4 54. Kc3 Ra5 55. Kc2 Ra2+ 56. Kd1 b5 57. g4 c4 58. bxc4+ bxc4 59. g5 Kd4 60. Rg3 Ra8 61. g6 Rg8 62. Bc3+ Kd5 63. g7 Ke6 64. Ke2 Kf5 65. Ke3 Ke6 66. Kxe4 Kf7 67. Kd5 Ke7 68. Kxc4 Rc8+ 69. Kd3 Kf7 70. Bd4 Re8 71. Rh3 Re1 72. Rh8 Rd1+ 73. Kc4 Rc1+ 74. Bc3 Rg1 75. Rf8+ Ke7 76. g8=Q Rg4+ 77. Qxg4 1-0


[Site "https://www.chess.com"]

[Event "Titled Tuesday Blitz September 27 Late 2022"]
[White "Bykov, Egor"]
[Black "Bartel, Mateusz"]
[WhiteFideId "34115290"]
[BlackFideId "1112635"]
[WhiteElo "2192"]
[BlackElo "2526"]
[Result "0-1"]
[Round "08"]
[TimeControl "180+1"]
[Date "2022.09.27"]
[WhiteClock "0:00:05"]
[BlackClock "0:00:41"]

1. d4 Nf6 2. c4 g6 3. Nc3 Bg7 4. e4 O-O 5. Nf3 d6 6. Be2 e5 7. O-O Bg4 8. dxe5 Bxf3 9. exf6 Bxe2 10. Qxe2 Qxf6 11. Nd5 Qd8 12. f4 c6 13. Nc3 Nd7 14. Be3 Qe7 15. Qf3 Rae8 16. e5 dxe5 17. f5 e4 18. Qh3 Bxc3 19. bxc3 f6 20. Rad1 Ne5 21. Bxa7 Nxc4 22. fxg6 Ne5 23. Bc5 Qxc5+ 24. Kh1 hxg6 25. Rf4 f5 26. Rh4 Nf7 27. Qg3 Kg7 28. Rf1 Qe5 29. Qe3 Rh8 30. Rhf4 g5 31. Qg3 e3 32. Rxf5 Qxg3 33. Rxf7+ Kg8 0-1


[Site "https://www.chess.com"]

[Event "Titled Tuesday Blitz September 27 Late 2022"]
[White "Carbone, Diego"]
[Black "Torres Boch, Jose Francisco"]
[WhiteFideId "3002179"]
[BlackFideId "2278383"]
[WhiteElo "2205"]
[BlackElo "2088"]
[Result "0-1"]
[Round "08"]
[TimeControl "180+1"]
[Date "2022.09.28"]
[WhiteClock "0:00:01"]
[BlackClock "0:00:13"]

1. d4 Nf6 2. c4 e6 3. Nc3 Bb4 4. Qc2 d5 5. a3 Bxc3+ 6. Qxc3 O-O 7. Bg5 h6 8. Bxf6 Qxf6 9. Nf3 dxc4 10. e4 b5 11. a4 c6 12. Be2 Nd7 13. e5 Qe7 14. O-O Nb6 15. a5 Nd5 16. Qc2 a6 17. Nd2 f5 18. exf6 Qxf6 19. Nf3 c5 20. Rad1 Bb7 21. Rfe1 cxd4 22. Rxd4 e5 23. Rg4 Nf4 24. Bf1 e4 25. Rxe4 Bxe4 26. Qxe4 Rae8 27. Qb7 Rf7 28. Qb6 Qxb6 29. axb6 Nd5 30. Nd4 Nxb6 31. h4 Rfe7 32. g3 Re4 33. Rxe4 Rxe4 34. Nc2 Na4 35. Nb4 a5 36. Nc6 Nxb2 37. Nxa5 b4 38. f3 Rd4 39. Kf2 c3 40. Ke3 Rd8 41. Nb3 Nd1+ 42. Ke2 Nb2 43. Bh3 Nc4 44. Be6+ Kf8 45. Bxc4 Ke7 46. Bd3 Kd6 47. Nd4 Kd5 48. Ke3 Re8+ 49. Be4+ Kc4 50. Nf5 Rd8 51. Nxg7 b3 52. Nf5 c2 53. Nxh6 c1=Q+ 54. Ke2 Qxh6 55. h5 Qd2+ 56. Kf1 b2 0-1


[Site "https://www.chess.com"]

[Event "Titled Tuesday Blitz September 27 Late 2022"]
[White "Carlsen, Magnus"]
[Black "Martinez Alcantara, Jose Eduardo"]
[WhiteFideId "1503014"]
[BlackFideId "3805662"]
[WhiteElo "2830"]
[BlackElo "2703"]
[Result "1-0"]
[Round "08"]
[TimeControl "180+1"]
[Date "2022.09.27"]
[WhiteClock "0:00:05"]
[BlackClock "0:00:03"]

1. d4 Nf6 2. Nf3 e6 3. Bg5 Be7 4. e3 b6 5. c4 Bb7 6. Nc3 O-O 7. Bd3 d6 8. O-O Nbd7 9. e4 h6 10. Be3 e5 11. d5 a5 12. Nd2 Ne8 13. a3 Bg5 14. Qe2 a4 15. Bxg5 hxg5 16. Bc2 Nc5 17. g3 Bc8 18. Kg2 g6 19. Rh1 g4 20. Qe3 Kg7 21. f3 Nf6 22. Raf1 Rh8 23. fxg4 Nxg4 24. Qf3 Qe7 25. h3 Nf6 26. g4 Nh7 27. Qg3 Bd7 28. h4 Nf6 29. Bd1 Ng8 30. Rf2 Rf8 31. Be2 Rh7 32. Kf1 f6 33. Ke1 g5 34. Rfh2 Nh6 35. hxg5 fxg5 36. Nf1 Rfh8 37. Qh3 Qf6 38. Ng3 Kg8 39. Nh5 Qf8 40. Qe3 Qe7 41. Rf1 Rf7 42. Nf6+ Rxf6 43. Qxg5+ Kf7 44. Rxf6+ Qxf6 45. Rf2 Nf5 46. Qxf6+ Kxf6 47. exf5 Kg5 48. Kd2 Rh3 49. Rf1 Rh2 50. Ke3 Rh3+ 51. Bf3 Rh2 52. Rf2 Rh3 53. Ne4+ Nxe4 54. Kxe4 Rh4 55. Ke3 Rh3 56. Rg2 c5 57. Kf2 b5 58. cxb5 Bxb5 59. Rg3 Rh8 60. Rg1 Bd3 61. Kg3 e4 62. Rh1 Rxh1 63. Bxh1 e3 64. Bf3 Bc4 65. Be4 e2 66. Kf2 Bb5 67. Bf3 Bc4 68. Bxe2 Bxd5 69. Bd1 Bc6 70. Ke3 d5 71. Kd3 Kf4 72. f6 Ke5 73. f7 Bb5+ 74. Kd2 1-0


[Site "https://www.chess.com"]

[Event "Titled Tuesday Blitz September 27 Late 2022"]
[White "Caruana, Fabiano"]
[Black "Kamsky, Gata"]
[WhiteFideId "2020009"]
[BlackFideId "2000024"]
[WhiteElo "2847"]
[BlackElo "2666"]
[Result "0-1"]
[Round "08"]
[TimeControl "180+1"]
[Date "2022.09.27"]
[WhiteClock "0:00:08"]
[BlackClock "0:01:05"]

1. d4 d5 2. Nf3 Nf6 3. c4 c6 4. e3 g6 5. Nc3 Bg7 6. h3 O-O 7. Be2 a6 8. O-O e6 9. a4 a5 10. b3 Nbd7 11. Ba3 Re8 12. Qc2 b6 13. Ne5 Nxe5 14. dxe5 Nd7 15. f4 f6 16. exf6 Qxf6 17. Bb2 Bb7 18. Rad1 Nc5 19. Bf3 Rad8 20. Ba1 Qf5 21. e4 Qxf4 22. exd5 Be5 23. g4 Qg3+ 24. Qg2 Qxg2+ 25. Kxg2 cxd5 26. Rfe1 Bg7 27. cxd5 Nxb3 28. Bb2 exd5 29. Rxe8+ Rxe8 30. Bxd5+ Bxd5+ 31. Rxd5 Nc5 32. Kf3 Kf7 33. Rd6 Re6 34. Rd8 h5 35. gxh5 gxh5 36. Nd1 Bf6 37. Rd5 Nxa4 38. Ba3 Kg6 39. Ne3 Nc3 40. Rd2 b5 41. Bc5 Ne4 42. Rg2+ Kf7 43. Bb6 Ng5+ 44. Ke2 Rxb6 0-1


[Site "https://www.chess.com"]

[Event "Titled Tuesday Blitz September 27 Late 2022"]
[White "Dardha, Daniel"]
[Black "Kollars, Dmitrij"]
[WhiteFideId "240990"]
[BlackFideId "12909572"]
[WhiteElo "2528"]
[BlackElo "2584"]
[Result "1-0"]
[Round "08"]
[TimeControl "180+1"]
[Date "2022.09.27"]
[WhiteClock "0:00:09"]
[BlackClock "0:00:03"]

1. e4 c6 2. Nf3 d5 3. d3 dxe4 4. dxe4 Qxd1+ 5. Kxd1 Nd7 6. a4 g6 7. Nfd2 h5 8. c3 Bh6 9. Kc2 Ne5 10. f3 f5 11. Na3 Nf6 12. Nac4 Nxc4 13. Bxc4 Bxd2 14. Bxd2 fxe4 15. Rae1 Bf5 16. Kb3 exf3 17. gxf3 O-O-O 18. Be3 a6 19. Bf4 Rd7 20. Rhg1 Nd5 21. Be5 Rf8 22. a5 e6 23. Bd4 Nf4 24. Ka3 Re8 25. Re3 Nd5 26. Re5 Nc7 27. Bb6 Rd2 28. h4 Nd5 29. Bc5 Rh2 30. Bxd5 cxd5 31. Rd1 Rxh4 32. Rdxd5 Rd8 33. Be7 Rxd5 34. Rxd5 Rh3 35. Rd8+ Kc7 36. f4 Rf3 37. Rd4 Kc6 38. Rd6+ Kc7 39. Rd4 Rf1 40. Bd8+ Kc6 41. Kb4 1-0


[Site "https://www.chess.com"]

[Event "Titled Tuesday Blitz September 27 Late 2022"]
[White "Diaz Herquinio, Brahian"]
[Black "Preotu, Razvan"]
[WhiteFideId "3809480"]
[BlackFideId "2613280"]
[WhiteElo "1965"]
[BlackElo "2407"]
[Result "0-1"]
[Round "08"]
[TimeControl "180+1"]
[Date "2022.09.28"]
[WhiteClock "0:00:01"]
[BlackClock "0:00:05"]

1. e4 c5 2. Nf3 d6 3. d4 cxd4 4. Nxd4 Nf6 5. Nc3 a6 6. Bg5 e6 7. f4 Be7 8. Qe2 h6 9. Bh4 Nxe4 10. Bxe7 Nxc3 11. Qc4 Kxe7 12. Qxc3 Bd7 13. O-O-O Nc6 14. Kb1 g6 15. g4 Qb6 16. Nb3 Qb4 17. Qg3 g5 18. fxg5 hxg5 19. Be2 Qf4 20. Qg2 a5 21. h3 a4 22. Rhf1 Qe5 23. Nd2 Nd4 24. Bd3 b5 25. Qb7 Qg7 26. Nf3 Rhb8 27. Qe4 Nxf3 28. Rxf3 a3 29. c3 axb2 30. Kxb2 b4 31. Bc4 bxc3+ 32. Kc1 c2 33. Qxc2 Qa1+ 34. Kd2 Qd4+ 35. Kc1 Qc5 36. Rfd3 d5 37. Bb3 Qa3+ 38. Qb2 Qxb2+ 39. Kxb2 Bb5 40. Re3 Bc4 0-1


[Site "https://www.chess.com"]

[Event "Titled Tuesday Blitz September 27 Late 2022"]
[White "Diaz Rosas, Julio Cesar"]
[Black "Harvey, Marcus R"]
[WhiteFideId "5105099"]
[BlackFideId "400092"]
[WhiteElo "2278"]
[BlackElo "2485"]
[Result "0-1"]
[Round "08"]
[TimeControl "180+1"]
[Date "2022.09.28"]
[WhiteClock "0:00:14"]
[BlackClock "0:00:30"]

1. e4 c6 2. d4 d5 3. e5 Bf5 4. Bd3 Bxd3 5. Qxd3 e6 6. Ne2 c5 7. O-O Nc6 8. c3 Rc8 9. Nd2 cxd4 10. cxd4 Nb4 11. Qg3 Qb6 12. Nb3 a5 13. Be3 a4 14. Nc5 Nc2 15. Rac1 Nxe3 16. Qxe3 Bxc5 17. dxc5 Qxb2 18. Rb1 Qxa2 19. Rxb7 Nh6 20. c6 O-O 21. c7 Ng4 22. Qf3 Nxe5 23. Qh5 Nc4 24. Ng3 a3 25. Qg5 Qd2 26. Qe7 a2 27. Ra7 g6 28. h4 Qf4 29. h5 Rfe8 30. Qc5 Qd6 31. Qb5 Re7 32. h6 Rexc7 33. Rxa2 Qf4 34. Re2 Qxh6 35. Qb4 Qf8 36. Qb1 h5 37. Ra2 h4 38. Ne2 Qh6 39. Nd4 Nd2 0-1


[Site "https://www.chess.com"]

[Event "Titled Tuesday Blitz September 27 Late 2022"]
[White "Domingo Nunez, Ruben"]
[Black "Yanchenko, Roman"]
[WhiteFideId "22245570"]
[BlackFideId "4137329"]
[WhiteElo "2406"]
[BlackElo "2514"]
[Result "0-1"]
[Round "08"]
[TimeControl "180+1"]
[Date "2022.09.27"]
[WhiteClock "0:00:18"]
[BlackClock "0:00:50"]

1. Nf3 d5 2. b3 Bf5 3. Bb2 e6 4. h3 Nf6 5. g4 Be4 6. Bg2 Nc6 7. d3 Bg6 8. Nbd2 Bd6 9. e3 Qe7 10. Qe2 Ba3 11. Bc3 Qc5 12. Nb1 Bb4 13. Qd2 O-O 14. a3 Bxc3 15. Qxc3 Qd6 16. d4 Ne4 17. Qb2 f5 18. Nbd2 f4 19. Ne5 fxe3 20. Nxe4 Bxe4 21. f3 Bxf3 22. Bxf3 Rxf3 23. O-O-O Nxe5 24. dxe5 Qc5 25. Rh2 Rf2 26. Rxf2 exf2 27. Rf1 Qe3+ 28. Kb1 Rf8 29. Qc1 Qxe5 30. Qd2 Qg3 31. Qe2 e5 32. Qd2 Qg2 33. Qe2 e4 34. c3 e3 35. Kc2 Qxf1 0-1


[Site "https://www.chess.com"]

[Event "Titled Tuesday Blitz September 27 Late 2022"]
[White "Fernandez De La Vara, Arnaldo"]
[Black "Daggupati, Balaji"]
[WhiteFideId "3518388"]
[BlackFideId "2090759"]
[WhiteElo "2387"]
[BlackElo "2773"]
[Result "0-1"]
[Round "08"]
[TimeControl "180+1"]
[Date "2022.09.27"]
[WhiteClock "0:00:02"]
[BlackClock "0:00:55"]

1. Nf3 d5 2. b3 Nf6 3. Bb2 e6 4. g3 b6 5. Bg2 Bb7 6. O-O Nbd7 7. c4 Be7 8. d4 O-O 9. Nc3 dxc4 10. bxc4 c5 11. d5 exd5 12. Nxd5 Nxd5 13. cxd5 Nf6 14. Nh4 Nxd5 15. Nf5 Bf6 16. Bxf6 Qxf6 17. Bxd5 Rad8 18. Ne3 Qe5 19. Bxb7 Rxd1 20. Rfxd1 Qb2 21. Ba6 g6 22. a4 Kg7 23. Bc4 Re8 24. Ra2 Qb4 25. Bb5 Re4 26. Rad2 a6 27. Bc6 Re6 28. Bd7 Re4 29. Bc6 Re6 30. Bd7 Re5 31. Rd6 c4 32. Rc6 c3 33. Nd5 Rxd5 34. Rxd5 Qb1+ 35. Kg2 c2 36. Rdd6 c1=Q 37. Rxc1 Qxc1 38. Rxb6 Qc7 39. Rxa6 Qxd7 40. f3 Qe7 41. Kf1 Qb7 42. Rd6 Qb4 43. Rd3 Qxa4 44. Kf2 Qb4 45. h4 h5 46. Kg2 Qc5 47. Kf1 Qe5 48. Kf2 Kf6 49. Rd2 Qc5+ 50. Kf1 Qc1+ 0-1


[Site "https://www.chess.com"]

[Event "Titled Tuesday Blitz September 27 Late 2022"]
[White "Floresvillar Gonzalez, Luis Migu"]
[Black "Hemam, Moulaye Brahim"]
[WhiteFideId "5100542"]
[BlackFideId "19600054"]
[WhiteElo "2040"]
[BlackElo "2088"]
[Result "1/2-1/2"]
[Round "08"]
[TimeControl "180+1"]
[Date "2022.09.28"]
[WhiteClock "0:00:05"]
[BlackClock "0:00:23"]

1. e4 c5 2. d4 cxd4 3. c3 Nc6 4. cxd4 d5 5. e5 Bf5 6. Nc3 e6 7. Nge2 a6 8. Be3 Nge7 9. Ng3 Bg6 10. Be2 Nf5 11. Nxf5 Bxf5 12. O-O Be7 13. Rc1 O-O 14. Qd2 Rc8 15. h3 b5 16. a3 Na5 17. Rce1 Nc4 18. Bxc4 Rxc4 19. g4 Bg6 20. f4 h6 21. f5 exf5 22. gxf5 Bh7 23. f6 gxf6 24. Bxh6 fxe5 25. Qg2+ Bg6 26. Rxe5 Bf6 27. Nxd5 Bxe5 28. dxe5 Kh8 29. Nf6 Rg8 30. Nxg8 Kxg8 31. Bg5 Qd4+ 32. Kh1 Qxe5 33. Bf6 Qe4 34. Qxe4 Rxe4 35. Rf2 Rc4 36. Kh2 Rc2 37. Rxc2 Bxc2 38. Kg3 Kh7 39. b4 Kg6 40. Bd4 Bb3 41. Kf4 Be6 42. h4 Kh5 43. Bf6 Kg6 44. Bd8 f6 45. Kg3 Kf5 46. Kf3 Bf7 47. Kg3 Ke5 48. Kf3 f5 49. Bc7+ Ke6 50. Kf4 Be8 51. Be5 Bh5 52. Bd4 Bg4 53. Bc5 Kd5 54. Kg5 Ke4 55. h5 f4 56. h6 Bf5 57. Bf2 f3 58. Kf6 Bh7 59. Kg7 Bf5 60. h7 Bxh7 61. Kxh7 Kd3 62. Kg6 Kc3 63. Bc5 Kb3 64. Kf5 Kxa3 65. Ke4 f2 66. Bxf2 Kxb4 67. Kd3 a5 68. Kc2 Ka3 69. Be1 a4 70. Kb1 b4 71. Bxb4+ Kxb4 72. Ka1 Kb3 73. Kb1 a3 74. Ka1 Ka4 75. Kb1 Kb4 76. Ka1 Kb3 77. Kb1 a2+ 78. Ka1 Ka3 1/2-1/2


[Site "https://www.chess.com"]

[Event "Titled Tuesday Blitz September 27 Late 2022"]
[White "Gheorghiu, Calin"]
[Black "Papasimakopoulos, Alexandros"]
[WhiteFideId "1200305"]
[BlackFideId "4244125"]
[WhiteElo "2168"]
[BlackElo "2357"]
[Result "1-0"]
[Round "08"]
[TimeControl "180+1"]
[Date "2022.09.28"]
[WhiteClock "0:00:47"]
[BlackClock "0:01:38"]

1. d4 e6 2. Nf3 Nf6 3. Bf4 c5 4. e3 Qb6 5. Nc3 a6 6. a3 cxd4 7. exd4 d5 8. Na4 Qa5+ 9. c3 Be7 10. Bd3 Bd7 11. Bc2 O-O 12. O-O Ne4 13. Re1 Rc8 14. Ne5 Bxa4 15. Bxa4 Nc6 16. Bc2 Nd6 17. Qh5 h6 18. Bxh6 Nxd4 19. Bxg7 Kxg7 20. Qh7+ Kf6 21. Ng4+ Kg5 22. Qh6+ Kxg4 23. h3# 1-0


[Site "https://www.chess.com"]

[Event "Titled Tuesday Blitz September 27 Late 2022"]
[White "Goltsev, Dmitry"]
[Black "Tari, Aryan"]
[WhiteFideId "24176710"]
[BlackFideId "1510045"]
[WhiteElo "2257"]
[BlackElo "2612"]
[Result "0-1"]
[Round "08"]
[TimeControl "180+1"]
[Date "2022.09.27"]
[WhiteClock "0:01:07"]
[BlackClock "0:01:13"]

1. e4 c6 2. d4 d5 3. Nc3 dxe4 4. Nxe4 Nf6 5. Ng3 h5 6. h4 g6 7. Nf3 Bg7 8. Ne5 Nbd7 9. Bf4 Nd5 10. Qd2 Nxf4 11. Qxf4 Nxe5 12. dxe5 Qa5+ 13. c3 Qxe5+ 14. Qxe5 Bxe5 15. Ne4 Bf5 16. Nc5 O-O-O 17. Bc4 b6 18. Nb3 e6 19. a4 Kc7 20. Ke2 a5 21. Rad1 Bc2 22. Rxd8 Rxd8 23. Rc1 Be4 24. f3 Bf5 25. Ke3 Bg3 26. Nd4 e5 27. Ne2 Bxh4 28. g3 Bg5+ 29. f4 exf4+ 30. gxf4 Be7 31. Bxf7 Rd3+ 32. Kf2 Bc5+ 33. Ke1 h4 34. Be8 h3 35. Nd4 Re3+ 0-1


[Site "https://www.chess.com"]

[Event "Titled Tuesday Blitz September 27 Late 2022"]
[White "Gonzalez Vega, Alejandro"]
[Black "Rabineau, Clement"]
[WhiteFideId "3510042"]
[BlackFideId "628891"]
[WhiteElo "2220"]
[BlackElo "2237"]
[Result "0-1"]
[Round "08"]
[TimeControl "180+1"]
[Date "2022.09.28"]
[WhiteClock "0:00:02"]
[BlackClock "0:00:08"]

1. e4 d6 2. d4 g6 3. Nc3 Bg7 4. f4 Nf6 5. h3 O-O 6. Nf3 c5 7. d5 b5 8. Bxb5 Qa5 9. Bd3 c4 10. Bxc4 Nxe4 11. Bd2 Nxc3 12. Bxc3 Bxc3+ 13. bxc3 Qxc3+ 14. Nd2 Qg3+ 15. Kf1 Qxf4+ 16. Kg1 Ba6 17. Bxa6 Nxa6 18. Nf3 Nc5 19. Qd4 Qf5 20. c4 Rab8 21. Rf1 Rb4 22. Qh4 Qe4 23. Qh6 f6 24. Kh2 Rb2 25. Rhg1 Nd3 26. Ng5 Qe5+ 27. Kh1 Qxg5 28. Qxg5 fxg5 29. Rxf8+ Kxf8 30. Kh2 Nf4 31. Kg3 Ke8 32. Kf3 Kd7 33. h4 h6 34. hxg5 hxg5 35. g3 Nd3 36. Rd1 Ne5+ 37. Ke4 Rxa2 38. c5 Re2+ 39. Kd4 dxc5+ 40. Kxc5 Rc2+ 41. Kd4 Nf7 42. Rf1 Nd6 43. Ra1 Rc4+ 44. Kd3 Rc7 45. Ra6 Rb7 46. Kd4 g4 47. Ke5 Rc7 48. Kf4 Ke8 49. Kxg4 Kf7 50. Kg5 Rc5 51. Rxa7 Rxd5+ 52. Kf4 Rd4+ 53. Ke5 Re4+ 54. Kd5 Rg4 0-1


[Site "https://www.chess.com"]

[Event "Titled Tuesday Blitz September 27 Late 2022"]
[White "Gorshtein, Ido"]
[Black "Bluebaum, Matthias"]
[WhiteFideId "2815532"]
[BlackFideId "24651516"]
[WhiteElo "2411"]
[BlackElo "2633"]
[Result "0-1"]
[Round "08"]
[TimeControl "180+1"]
[Date "2022.09.27"]
[WhiteClock "0:00:16"]
[BlackClock "0:00:16"]

1. Nf3 d5 2. c4 d4 3. b4 Nf6 4. Bb2 c5 5. b5 Qc7 6. g3 b6 7. Bg2 Bb7 8. O-O e5 9. d3 Nbd7 10. a4 a5 11. bxa6 Rxa6 12. Na3 Be7 13. Nb5 Qb8 14. Bc1 O-O 15. Bd2 Bc6 16. Qb3 Qb7 17. a5 bxa5 18. Rxa5 Rxa5 19. Bxa5 e4 20. Ng5 Ra8 21. Bd2 exd3 22. Bxc6 Qxc6 23. exd3 h6 24. Re1 hxg5 25. Rxe7 Ra1+ 26. Be1 Qf3 27. Nd6 Ng4 28. Qb2 Rd1 29. Qe2 Qxe2 30. Rxe2 Nge5 31. Kg2 g4 32. h3 Nf3 33. Re8+ Kh7 34. hxg4 Nxe1+ 35. Kf1 Nxd3+ 36. Ke2 Nb2 37. Nxf7 d3+ 38. Kf3 d2 39. Kf4 Re1 40. Rh8+ Kg6 0-1


[Site "https://www.chess.com"]

[Event "Titled Tuesday Blitz September 27 Late 2022"]
[White "Gunduz, Umut Erdem"]
[Black "Jobava, Baadur"]
[WhiteFideId "6381383"]
[BlackFideId "13601520"]
[WhiteElo "2029"]
[BlackElo "2582"]
[Result "0-1"]
[Round "08"]
[TimeControl "180+1"]
[Date "2022.09.27"]
[WhiteClock "0:00:03"]
[BlackClock "0:00:23"]

1. e4 e6 2. d4 d5 3. Nc3 dxe4 4. Nxe4 Bd7 5. Nf3 Bc6 6. Bd3 Nd7 7. O-O Ngf6 8. Ned2 g6 9. Nc4 Bg7 10. Na5 O-O 11. Nxc6 bxc6 12. c3 c5 13. dxc5 Nxc5 14. Bc2 a5 15. Be3 Qe7 16. Nd4 Qd6 17. Nb3 Ncd7 18. a4 Rfb8 19. Qc1 Ng4 20. Bf4 Be5 21. Bg3 Bxg3 22. hxg3 Qe5 23. Nd4 Qh5 24. Nf3 Nde5 25. Nh4 g5 26. f3 gxh4 27. fxg4 Nxg4 28. gxh4 Qxh4 29. Qf4 Rxb2 30. Be4 Rf8 31. Rf3 f5 32. Bc6 Qe7 33. Bb5 c6 34. Bf1 Rd8 35. Kh1 Rbd2 36. Re1 Rd1 37. Rxd1 Rxd1 38. Qb8+ Kg7 39. Qf4 Kg6 40. Kg1 Qc5+ 41. Kh1 Qe5 42. Qxe5 Nxe5 43. Re3 Rxf1+ 0-1


[Site "https://www.chess.com"]

[Event "Titled Tuesday Blitz September 27 Late 2022"]
[White "Hambleton, Aman"]
[Black "Reprintsev, Alexander"]
[WhiteFideId "2606577"]
[BlackFideId "14100541"]
[WhiteElo "2538"]
[BlackElo "2108"]
[Result "1-0"]
[Round "08"]
[TimeControl "180+1"]
[Date "2022.09.28"]
[WhiteClock "0:00:03"]
[BlackClock "0:00:04"]

1. d4 d5 2. Bf4 Nf6 3. e3 c5 4. c3 Qb6 5. Qb3 c4 6. Qc2 g6 7. b3 Bf5 8. Qb2 Nc6 9. Nf3 Bg7 10. Nbd2 O-O 11. Be2 Nd7 12. O-O e5 13. dxe5 Ndxe5 14. Nxe5 Nxe5 15. Bxe5 Bxe5 16. Nf3 Bf6 17. Rfd1 Rfd8 18. Nd4 Be6 19. Rd2 cxb3 20. axb3 Rac8 21. b4 a6 22. g3 h5 23. h4 Kg7 24. Kg2 Rc7 25. Bf3 Rdc8 26. Rc1 Rc4 27. Be2 R4c7 28. Qa3 Be7 29. Rd3 Ra8 30. Qb3 a5 31. bxa5 Qxa5 32. Bf3 Rac8 33. Rb1 Bf6 34. Qb6 Qa2 35. Rb2 Qc4 36. Rdd2 Bg4 37. Bxg4 hxg4 38. Ne2 Qc5 39. Qxc5 Rxc5 40. Rxb7 Ra8 41. Rd7 Raa5 42. Nf4 Bxc3 43. R2xd5 Bf6 44. Rxc5 Rxc5 45. Ne6+ 1-0


[Site "https://www.chess.com"]

[Event "Titled Tuesday Blitz September 27 Late 2022"]
[White "Howell, David W L"]
[Black "Rios Escobar, Adan"]
[WhiteFideId "410608"]
[BlackFideId "3403645"]
[WhiteElo "2559"]
[BlackElo "2324"]
[Result "1-0"]
[Round "08"]
[TimeControl "180+1"]
[Date "2022.09.28"]
[WhiteClock "0:00:16"]
[BlackClock "0:00:03"]

1. f4 Nf6 2. Nf3 d5 3. g3 c6 4. Bg2 Bg4 5. O-O e6 6. d3 Be7 7. Nbd2 Bxf3 8. Nxf3 O-O 9. Qe1 Nbd7 10. e4 Qb6+ 11. Kh1 Bc5 12. Qe2 Ng4 13. h3 Ne3 14. Re1 Nxg2 15. Kxg2 dxe4 16. dxe4 Nf6 17. e5 Nd5 18. c4 Ne7 19. g4 Rfd8 20. Rb1 a5 21. Bd2 Rd7 22. Bc3 Rad8 23. Rbd1 Bb4 24. Bxb4 axb4 25. Rxd7 Rxd7 26. Rd1 Qd8 27. Rxd7 Qxd7 28. Qd2 Qxd2+ 29. Nxd2 c5 30. Ne4 b6 31. Nd6 Kf8 32. Kf3 Nc6 33. Ke4 Nd4 34. Nc8 b5 35. cxb5 Nxb5 36. Kd3 Nd4 37. Nd6 Ke7 38. Ne4 Nf3 39. Kc4 Ng1 40. Nf2 Ne2 41. Nd3 Ng1 42. h4 Nf3 43. h5 h6 44. Kxc5 Nh2 45. Nf2 Kd7 46. Kxb4 Kc6 47. Kc4 Nf3 48. Ne4 Nh2 49. Nf2 Nf3 50. b4 Nd2+ 51. Kd3 Nb1 52. a4 Kd5 53. Ne4 Na3 54. Nc3+ Kc6 55. a5 Kc7 56. b5 Kb7 57. g5 Kc7 58. gxh6 gxh6 59. Kd4 Kb7 60. Kc5 Kc7 61. a6 Nc2 62. b6+ Kb8 63. a7+ Kb7 64. Nb5 Ne3 65. Nc7 Nd5 66. a8=Q# 1-0


[Site "https://www.chess.com"]

[Event "Titled Tuesday Blitz September 27 Late 2022"]
[White "Ibarra Jerez, Jose Carlos"]
[Black "Vlassov, Nikolai"]
[WhiteFideId "2226332"]
[BlackFideId "4103360"]
[WhiteElo "2627"]
[BlackElo "2324"]
[Result "1/2-1/2"]
[Round "08"]
[TimeControl "180+1"]
[Date "2022.09.27"]
[WhiteClock "0:00:09"]
[BlackClock "0:00:07"]

1. Nf3 c5 2. g3 Nc6 3. Bg2 e5 4. O-O f5 5. c3 Nf6 6. d4 e4 7. Nh4 d5 8. f3 Qb6 9. dxc5 Bxc5+ 10. Kh1 Be6 11. fxe4 fxe4 12. b4 Be7 13. Nf5 Bxf5 14. Rxf5 O-O-O 15. Bf4 Ng4 16. Bh3 Nf2+ 17. Kg2 Nxh3 18. Kxh3 d4 19. Qb3 Rd7 20. Qe6 Nd8 21. Qxe4 Qe6 22. Qe5 Qxe5 23. Bxe5 Nc6 24. Bxg7 Re8 25. Na3 dxc3 26. Bxc3 Bxb4 27. Bxb4 Nxb4 28. Rc1+ Kb8 29. Rb5 Nd5 30. Rcc5 Nf6 31. Re5 Rxe5 32. Rxe5 Rd2 33. Nb5 a6 34. Nc3 Rc2 35. Rf5 Rxc3 36. Rxf6 Rc2 37. a4 Rxe2 38. Rf4 Re7 39. g4 Kc7 40. g5 Kb6 41. Kg4 Ka5 42. h4 b5 43. axb5 axb5 44. h5 b4 45. Rf8 b3 46. Rb8 Ka4 47. Kf5 Ka3 48. Kf6 Rd7 49. Ra8+ Kb4 50. Rb8+ Kc3 51. Rc8+ Kd2 52. Rb8 Kc2 53. g6 hxg6 54. hxg6 b2 55. g7 Rxg7 56. Kxg7 b1=Q 57. Rxb1 Kxb1 1/2-1/2


[Site "https://www.chess.com"]

[Event "Titled Tuesday Blitz September 27 Late 2022"]
[White "Javakhadze, Zurab"]
[Black "Nogerbek, Kazybek"]
[WhiteFideId "13603647"]
[BlackFideId "13710427"]
[WhiteElo "2381"]
[BlackElo "2458"]
[Result "0-1"]
[Round "08"]
[TimeControl "180+1"]
[Date "2022.09.27"]
[WhiteClock "0:00:05"]
[BlackClock "0:00:43"]

1. d4 Nf6 2. c4 e6 3. Nf3 d5 4. Nc3 dxc4 5. e3 a6 6. a4 c5 7. Bxc4 Nc6 8. O-O cxd4 9. exd4 Be7 10. d5 exd5 11. Nxd5 O-O 12. Nxe7+ Qxe7 13. Bg5 Bg4 14. Qe2 Qxe2 15. Bxe2 Rfe8 16. Bd1 Ne4 17. Be3 Nb4 18. Nd4 Bxd1 19. Rfxd1 Rac8 20. Rac1 h6 21. g4 Kh7 22. Nf5 Rxc1 23. Rxc1 Nd5 24. Rd1 Nef6 25. Bc1 Nxg4 26. Rxd5 Re1+ 27. Kg2 Rxc1 28. Rd7 Rc2 29. Rxf7 Kg6 30. Nd6 Rd2 31. Rf4 Nxf2 32. Nc4 Nd3+ 33. Nxd2 Nxf4+ 34. Kf3 Kf5 35. Nc4 Nd3 36. Nd6+ Ke5 37. Nxb7 Nxb2 38. Nc5 a5 39. Nb3 Nc4 40. h4 h5 41. Nc5 Kf5 42. Nb3 g6 43. Nd4+ Kf6 44. Kf4 Nb2 45. Nc6 Nxa4 46. Nxa5 Nc5 47. Nc4 Ne6+ 48. Kf3 Nd4+ 49. Kf4 Nf5 50. Nb6 Nxh4 51. Nd5+ Kg7 52. Ne3 Kh6 53. Kg3 Nf5+ 54. Nxf5+ gxf5 55. Kf4 0-1


[Site "https://www.chess.com"]